 Dungeon Crawl Stone Soup version 0.20.0-15-g7f486f2 (webtiles) character file.

101675 Azzok the Warrior (level 16, -8/116 HPs)
             Began as a Gargoyle Fighter on June 14, 2017.
             Was the Champion of Okawaru.
             Killed from afar by an Ice Fiend (16 damage)
             ... with a bolt of cold
             ... in an ice cave on June 15, 2017.
             The game lasted 01:09:10 (29251 turns).

Azzok the Warrior (Gargoyle Fighter)               Turns: 29251, Time: 01:09:11

Health: -8/116     AC: 38    Str: 28    XL:     16   Next: 31%
Magic:  16/16      EV:  2    Int: 10    God:    Okawaru [******]
Gold:   2359       SH: 25    Dex:  9    Spells: 10/15 levels left

rFire    + + .     SeeInvis +   b - +0 morningstar (holy)
rCold    + + .     Gourm    +   D - +7 large shield of Failure {rF+}
rNeg     + + .     Faith    .   q - +2 crystal plate armour of Panentheism {rN+ MR+ Str+2}
rPois    ∞         Spirit   .   H - +2 helmet {SInv}
rElec    +         Reflect  .   V - scarf {rC+ rF+}
rCorr    .         Harm     .   U - +1 pair of gloves {archery}
MR       ++...                  v - +1 pair of boots {Stlth+}
Stlth    ..........             Q - amulet of the gourmand
Regen    0.3/turn               B - ring of protection from fire
MPRegen  0.2/turn               O - ring of ice

@: flying
A: big wings, hooves 1, molten scales 1, yellow scales 1, deformed body,
negative energy resistance 1, electricity resistance, unbreathing, petrification
resistance, rot immunity, MP-powered wands, AC +11
a: Stop Flying, Heroism, Finesse, Renounce Religion


You were in an ice cave.
You worshipped Okawaru.
Okawaru was exalted by your worship.
You were full.

You visited 6 branches of the dungeon, and saw 26 of its levels.
You also visited: Labyrinth and Ice Cave.

You collected 2509 gold pieces.
You spent 150 gold pieces at shops.

Inventory:

Hand Weapons
 a - a +2 whip of electrocution
 b - a +0 morningstar of holy wrath (weapon)
Missiles
 G - 7 javelins (quivered)
Armour
 q - the +2 crystal plate armour of Panentheism (worn) {rN+ MR+ Str+2}
   (Okawaru gifted it to you on level 2 of the Lair of Beasts)

   It affects your strength (+2).
   It protects you from negative energy.
   It affects your resistance to hostile enchantments.
 v - a +1 pair of boots of stealth (worn)
 D - the +7 large shield of Failure (worn) {rF+}
   (You found it on level 13 of the Dungeon)

   It protects you from fire.
 H - a +2 helmet of see invisible (worn)
 U - a +1 pair of gloves of archery (worn)
 V - a scarf of resistance (worn)
Jewellery
 e - the ring of Xom's Wantonness {rC+ MR+ Stlth-, unknown}
   (You found it in an ice cave)

   [ring of loudness]

   It protects you from cold.
   It affects your resistance to hostile enchantments.
   It makes you less stealthy.
 r - an uncursed ring of see invisible
 B - a ring of protection from fire (left hand)
 C - an uncursed ring of fire
 O - a ring of ice (right hand)
 Q - an amulet of the gourmand (around neck)
Wands
 s - a wand of digging (15/24)
Scrolls
 g - 2 scrolls of fog
 k - a scroll of brand weapon {unknown}
 l - a scroll of silence {unknown}
 o - 9 scrolls of teleportation
 p - 3 scrolls of blinking
 y - 6 scrolls of remove curse
 L - a scroll of fear
 N - a scroll of recharging
 P - 2 scrolls of magic mapping
Potions
 d - 5 potions of might
 h - 10 potions of curing
 t - 5 potions of heal wounds
 u - a potion of cancellation
 x - a potion of haste {unknown}
 z - a potion of lignification {unknown}
 A - a potion of magic {unknown}
 F - 2 potions of resistance {unknown}
 J - 5 potions of agility {unknown}
 M - 6 potions of mutation {unknown}
 T - 2 potions of ambrosia {unknown}
Comestibles
 f - 12 bread rations
 i - 12 fruits
 m - 9 royal jellies
 w - 11 meat rations


   Skills:
 + Level 18.5 Fighting
 + Level 17.3 Maces & Flails
 + Level 7.1 Throwing
 + Level 9.3 Armour
 + Level 9.6 Shields


You had 10 spell levels left.
You knew the following spells:

 Your Spells              Type           Power        Failure   Level  Hunger
a - Portal Projectile     Hex/Tloc       #.....       100%        3    ####...
b - Swiftness             Chrm/Air       #.......     100%        2    ###....


Dungeon Overview and Level Annotations

Branches:
Dungeon (15/15)            Temple (1/1) D:5            Lair (6/6) D:8
  Swamp (1/4) Lair:4        Snake (0/4) Lair:2        Slime (0/5) Lair:6
    Orc (2/2) D:11            Elf (0/3) Orc:2        Vaults (0/5) D:14
 Depths (1/5) D:15

Altars:
Ashenzari
Cheibriados
Dithmenos
Fedhas
Gozag
Kikubaaqudgha
Makhleb
Nemelex Xobeh
Okawaru
Qazlal
Ru
Trog
Uskayaw
Vehumet
Yredelemnul
Beogh
Jiyva

Shops:
Orc:2 [*:(


Innate Abilities, Weirdness & Mutations

You are resistant to torment.
Your stone body is resilient. (AC +11)
You are immune to poison.
Your large and strong wings let you fly indefinitely.
You resist negative energy. (rN+)
You are resistant to electric shocks. (rElec)
You can survive without breathing.
You are immune to petrification.
You are immune to rotting.
You have large cloven feet.
You are partially covered in molten scales. (AC +2)
You are partially covered in yellow scales. (AC +2)
Armour fits poorly on your strangely shaped body.
You expend magic power (3 MP) to strengthen your wands.


Message History

Your body is wracked with pain!
* * * LOW HITPOINT WARNING * * *
You hit the ice devil but do no damage.
The ice devil is severely wounded.
You block the ice devil's attack. The Ice Fiend gestures at you.
The bolt of cold hits the alligator simulacrum.
The alligator simulacrum completely resists.
The bolt of cold hits the ice devil.
The ice devil completely resists.
The bolt of cold hits you! You resist.
* * * LOW HITPOINT WARNING * * *
You hit the ice devil.
The ice devil convulses.
The ice devil is almost dead.
You block the ice devil's attack. The Ice Fiend gestures at you.
The bolt of cold hits the alligator simulacrum.
The alligator simulacrum completely resists.
The bolt of cold hits the ice devil.
The ice devil completely resists.
The bolt of cold hits you! You resist.
You die...

▒▒·▒·▒▒≈≈≈≈▒≈≈▒▒≈≈
▒····▒≈≈▒▒≈≈≈≈▒▒▒≈
▒·▒·▒▒≈▒▒▒≈≈≈≈▒ ▒▒
▒▒·▒▒▒≈≈▒ ▒▒≈▒▒▒ ▒
▒·▒▒▒≈≈≈▒ ▒▒≈▒
▒·▒▒≈≈≈≈▒ ▒▒▒
▒··▒≈≈≈≈▒
▒▒·▒≈≈≈▒▒ ▒▒@▒≈≈≈▒
▒4▒▒≈≈≈▒ ▒Z▒▒≈≈▒▒
▒1·▒▒≈▒ ▒▒·Z▒▒▒


41Z ▒··Z ···· ▒··▒▒ You could see an Ice Fiend, an ice devil and an alligator
simulacrum.

Vanquished Creatures
  The ghost of zhorgal the Fighter, a journeyman GrEE of Vehumet (IceCv)
  An orc warlord (Orc:1)
  A stone giant (Orc:2)
  A dire elephant (Lair:6)
  An ettin (D:15)
  A minotaur (Lab)
  Josephine (D:13)
  The ghost of maniacrov the Cleaver, a journeyman MiBe of Trog (Orc:2)
  A rakshasa (D:15)
  8 hydras
  3 ogre magi
  A death knight (D:15)
  12 two-headed ogres
  8 death yaks (Lair:6)
  3 centaur warriors
  A queen ant (D:11)
  An orc high priest (Orc:2)
  2 tengu warriors
  A deep elf knight (D:14)
  Sonja (D:14)
  2 skeletal warriors
  An unseen horror (D:13)
  2 lindwurms (Lair:6)
  Pikel (D:6)
  A wolf spider (D:14)
  6 orc knights
  4 deep elf magi
  A manticore (D:15)
  5 ugly things
  11 orc sorcerers
  4 cyclopes
  12 elephants
  6 black mambas
  A gargoyle (D:12)
  A torpor snail (Lair:6)
  11 spiny frogs
  A spiny frog (shapeshifter) (D:13)
  5 rime drakes
  4 komodo dragons
  A freezing wraith (IceCv)
  7 kobold demonologists
  A redback zombie (D:15)
  3 anaconda simulacra (IceCv)
  6 ice devils (IceCv)
  A golden dragon simulacrum (IceCv)
  7 trolls
  A harpy skeleton (D:14)
  A polar bear (Lair:6)
  Grinder (D:6)
  10 blink frogs
  8 dream sheep
  4 slime creatures (D:14)
  5 hippogriffs
  A shadow (Swamp:1)
  A spriggan (D:7)
  A vampire (D:14)
  2 wyverns
  6 wraiths
  35 yaks
  3 dire elephant simulacra (IceCv)
  6 basilisks
  5 steam dragons
  3 hungry ghosts
  6 wargs
  A harpy simulacrum (IceCv)
  2 iron troll simulacra (IceCv)
  4 soldier ants
  13 water moccasins
  2 nagas (Lair:2)
  3 hydra simulacra (IceCv)
  27 orc warriors
  6 porcupines
  3 ice beasts
  3 sky beasts
  A hornet zombie (D:14)
  2 phantoms
  An eye of draining (D:12)
  A necrophage (D:12)
  A slave (D:6)
  6 wolves
  12 centaurs
  17 ogres
  11 crocodiles
  6 big kobolds
  17 bullfrogs
  A water moccasin zombie (D:8)
  An elephant simulacrum (IceCv)
  3 scorpions
  12 wights
  10 howler monkeys
  5 electric eels
  6 crimson imps
  A bullfrog zombie (D:6)
  7 draconian simulacra (IceCv)
  6 hounds
  4 jellies
  A quasit (D:10)
  7 centaur skeletons
  15 orc priests
  2 bullfrog skeletons
  38 worker ants
  3 iguanas
  21 orc wizards
  2 spriggan simulacra (IceCv)
  2 wolf simulacra (IceCv)
  2 polar bear simulacra (IceCv)
  A hound zombie (D:7)
  3 hound skeletons
  A worker ant zombie (D:8)
  7 gnolls
  2 howler monkey skeletons
  7 adders
  2 naga simulacra (IceCv)
  An ogre simulacrum (IceCv)
  4 shadow imps
  5 white imps (IceCv)
  4 ufetubi (IceCv)
  3 worms
  3 dart slugs
  7 leopard geckos
  69 orcs
  5 ball pythons
  10 bats
  6 giant cockroaches
  8 goblins
  6 hobgoblins
  5 jackals
  28 kobolds
  4 quokkas
  5 frilled lizards
  A giant cockroach zombie (D:5)
  2 jackal skeletons
  A leopard gecko skeleton (D:8)
  A quokka skeleton (D:5)
  9 rats
752 creatures vanquished.

Vanquished Creatures (others)
  A bullfrog (D:6)
  A quasit (D:6)
  A hound (D:6)
  An orc (Orc:2)
  6 fungi
  2 plants (Lair:6)
12 creatures vanquished.

Grand Total: 764 creatures vanquished

Notes
Turn   | Place    | Note
-------+----------+-------------------------------------------
     0 | D:1      | Azzok the Gargoyle Fighter began the quest for the Orb.
     0 | D:1      | Reached XP level 1. HP: 14/14 MP: 1/1
   131 | D:1      | Reached XP level 2. HP: 19/19 MP: 2/2
   716 | D:1      | Reached skill level 4 in Fighting
   716 | D:1      | Reached XP level 3. HP: 19/24 MP: 3/3
  1129 | D:2      | Found an opulent altar of Gozag.
  1517 | D:2      | Reached XP level 4. HP: 30/30 MP: 4/4
  1561 | D:2      | Found a burning altar of Makhleb.
  1561 | D:2      | Noticed a balrug
  1937 | D:3      | Found an ancient bone altar of Kikubaaqudgha.
  2008 | D:3      | Reached skill level 5 in Fighting
  2008 | D:3      | Reached XP level 5. HP: 33/35 MP: 5/5
  2071 | D:3      | You fall through a shaft for 3 floors!
  2157 | D:5      | Entered Level 5 of the Dungeon
  2456 | D:5      | Found a blossoming altar of Fedhas.
  2456 | D:5      | Found a sparkling altar of Nemelex Xobeh.
  2457 | D:5      | Found a radiant altar of Vehumet.
  2473 | D:5      | Reached XP level 6. HP: 41/41 MP: 6/6
  3280 | D:3      | Reached skill level 6 in Fighting
  3350 | D:4      | Reached skill level 5 in Maces & Flails
  3847 | D:4      | Reached XP level 7. HP: 47/47 MP: 7/7
  4109 | D:5      | Found a staircase to the Ecumenical Temple.
  4127 | Temple   | Entered the Ecumenical Temple
  4137 | Temple   | Became a worshipper of Warmaster Okawaru
  4156 | D:5      | Found a hide-covered altar of Uskayaw.
  4393 | D:6      | Noticed Pikel
  4414 | D:6      | Killed Pikel
  4414 | D:6      | Reached * piety under Okawaru
  4414 | D:6      | Reached skill level 7 in Fighting
  4414 | D:6      | Reached XP level 8. HP: 50/54 MP: 8/8
  4467 | D:6      | Noticed Grinder
  4468 | D:6      | Paralysed by Grinder for 6 turns
  4495 | D:6      | Reached skill level 8 in Fighting
  4509 | D:6      | Killed Grinder
  4903 | D:6      | Found a stormy altar of Qazlal.
  4914 | D:6      | Found a basalt altar of Yredelemnul.
  5366 | D:7      | Found a snail-covered altar of Cheibriados.
  5440 | D:7      | Reached skill level 9 in Fighting
  5744 | D:7      | Reached ** piety under Okawaru
  5744 | D:7      | Reached XP level 9. HP: 59/60 MP: 9/9
  6245 | D:7      | Reached skill level 10 in Fighting
  6779 | D:8      | Found a staircase to the Lair.
  6878 | D:8      | Reached *** piety under Okawaru
  7167 | D:8      | Noticed a troll
  7178 | D:8      | Killed a troll
  7178 | D:8      | Reached skill level 11 in Fighting
  7183 | D:8      | Found a shattered altar of Ashenzari.
  7542 | D:8      | Reached XP level 10. HP: 68/69 MP: 10/10
  7593 | D:8      | Noticed a two-headed ogre
  7602 | D:8      | Killed a two-headed ogre
  7602 | D:8      | Reached **** piety under Okawaru
  7602 | D:8      | Reached skill level 10 in Maces & Flails
  8520 | D:9      | Noticed a two-headed ogre
  8535 | D:9      | Killed a two-headed ogre
  8535 | D:9      | Reached skill level 12 in Fighting
  8660 | D:9      | Found a shattered altar of Ashenzari.
  8739 | D:9      | Reached ***** piety under Okawaru
  8752 | D:9      | Found Siuck's Assorted Antiques.
  9011 | D:9      | Bought a scroll labeled MOJ TE LABB for 26 gold pieces
  9011 | D:9      | Bought an orange potion for 23 gold pieces
  9011 | D:9      | Bought a scroll labeled WUONAM ENUENOA for 26 gold pieces
  9011 | D:9      | Bought a golden potion for 23 gold pieces
  9011 | D:9      | Bought a scroll labeled UKIWKI SO FAG for 26 gold pieces
  9011 | D:9      | Bought a scroll labeled QIYHE TEETAMI for 26 gold pieces
  9146 | D:9      | Noticed a two-headed ogre
  9158 | D:9      | Killed a two-headed ogre
  9268 | D:9      | Found a sacrificial altar of Ru.
  9276 | D:9      | Reached XP level 11. HP: 55/76 MP: 11/11
  9773 | D:10     | Entered Level 10 of the Dungeon
  9773 | D:10     | Noticed a two-headed ogre
  9783 | D:10     | Killed a two-headed ogre
  9783 | D:10     | Reached skill level 13 in Fighting
 10297 | D:10     | Received a gift from Okawaru
 10756 | D:10     | Gained mutation: You are partially covered in molten scales. (AC +2) [mutagenic meat]
 10757 | D:10     | Gained mutation: You have large cloven feet. [mutagenic meat]
 10758 | D:10     | Gained mutation: You are partially covered in yellow scales. (AC +2) [mutagenic meat]
 10823 | D:11     | Found a staircase to the Orcish Mines.
 10923 | D:11     | Noticed a brown ugly thing
 10944 | D:11     | Killed a brown ugly thing
 11142 | D:11     | Noticed a two-headed ogre
 11154 | D:11     | Killed a two-headed ogre
 11192 | D:11     | Noticed an eight-headed hydra
 11419 | D:11     | Killed an eight-headed hydra
 11445 | D:11     | Noticed a seven-headed hydra
 11459 | D:11     | Killed a seven-headed hydra
 11459 | D:11     | Reached skill level 14 in Fighting
 11910 | D:11     | Received a gift from Okawaru
 11935 | D:11     | Reached XP level 12. HP: 66/85 MP: 12/12
 12026 | D:11     | Noticed a queen ant
 12060 | D:11     | Killed a queen ant
 12249 | D:11     | Noticed a two-headed ogre
 12257 | D:11     | Killed a two-headed ogre
 12529 | Lair:1   | Entered Level 1 of the Lair of Beasts
 13185 | Lair:1   | Received a gift from Okawaru
 13306 | Lair:1   | Reached skill level 15 in Fighting
 13744 | Lair:2   | Found a staircase to the Snake Pit.
 13757 | Lair:2   | Noticed a seven-headed hydra
 13768 | Lair:2   | Killed a seven-headed hydra
 13768 | Lair:2   | Reached ****** piety under Okawaru
 13768 | Lair:2   | Received a gift from Okawaru
 13773 | Lair:2   | Got a polished crystal plate armour {god gift}
 13868 | Lair:2   | Identified the +2 crystal plate armour of Panentheism {rN+ MR+ Str+2} (Okawaru gifted it to you on level 2 of the Lair of Beasts)
 14897 | Lair:3   | Found a labyrinth entrance.
 14927 | Lab      | Entered a labyrinth
 15068 | Lab      | Noticed a minotaur
 15082 | Lab      | Killed a minotaur
 15082 | Lab      | Reached XP level 13. HP: 25/93 MP: 13/13
 15415 | Lair:3   | Reached skill level 16 in Fighting
 15926 | Lair:3   | Reached skill level 15 in Maces & Flails
 16642 | Lair:4   | Found a staircase to the Swamp.
 17480 | Lair:5   | Received a gift from Okawaru
 18293 | Lair:6   | Entered Level 6 of the Lair of Beasts
 18438 | Lair:6   | Reached skill level 17 in Fighting
 18762 | Lair:6   | Reached skill level 1 in Throwing
 18794 | Lair:6   | Found a staircase to the Slime Pits.
 18794 | Lair:6   | Found a viscous altar of Jiyva.
 18859 | Lair:6   | Received a gift from Okawaru
 19156 | Lair:6   | Gained mutation: Your large and strong wings let you fly indefinitely. [Gargoyle growth]
 19156 | Lair:6   | Reached XP level 14. HP: 83/102 MP: 14/14
 19316 | Lair:6   | Noticed a dire elephant
 19338 | Lair:6   | Killed a dire elephant
 19338 | Lair:6   | Reached skill level 5 in Armour
 19338 | Lair:6   | Reached skill level 5 in Shields
 19432 | Lair:6   | Identified Ytimirph's Collected Works on the Poisonous Birds
 20180 | Lair:1   | Identified a scroll of acquirement
 21341 | D:13     | Got an ancient large shield
 21358 | D:13     | Identified the +7 large shield of Failure {rF+} (You found it on level 13 of the Dungeon)
 21488 | D:13     | Received a gift from Okawaru
 21669 | D:13     | Noticed Josephine
 21680 | D:13     | Killed Josephine
 22729 | D:13     | Gained mutation: Armour fits poorly on your strangely shaped body. [mutagenic meat]
 22730 | D:13     | Gained mutation: You expend magic power (3 MP) to strengthen your wands. [mutagenic meat]
 22946 | D:13     | Paralysed by fainting for 9 turns
 23219 | D:14     | Reached XP level 15. HP: 96/108 MP: 15/15
 23241 | D:14     | Reached skill level 5 in Throwing
 23639 | D:14     | Noticed Sonja
 23664 | D:14     | Received a gift from Okawaru
 23668 | D:14     | Killed Sonja
 23733 | D:14     | Reached skill level 18 in Fighting
 23841 | D:14     | Found a gate to the Vaults.
 23972 | D:15     | Entered Level 15 of the Dungeon
 23994 | D:15     | Received a gift from Okawaru
 24676 | D:15     | Found a staircase to the Depths.
 24913 | D:15     | Received a gift from Okawaru
 25194 | Depths:1 | Entered Level 1 of the Depths
 25212 | D:15     | Learned a level 3 spell: Portal Projectile
 25215 | D:15     | Learned a level 2 spell: Swiftness
 25340 | Orc:1    | Entered Level 1 of the Orcish Mines
 25362 | Orc:1    | Paralysed by an orc sorcerer for 2 turns
 25989 | Orc:2    | Entered Level 2 of the Orcish Mines
 25989 | Orc:2    | Found Osud's Antique Weapon Shoppe.
 25989 | Orc:2    | Found Himp's Book Shoppe.
 26001 | Orc:2    | Noticed maniacrov's ghost (journeyman MiBe)
 26125 | Orc:2    | Paralysed by an orc sorcerer for 3 turns
 26414 | Orc:2    | Killed maniacrov's ghost
 26596 | Orc:2    | Found a staircase to the Elven Halls.
 26600 | Orc:2    | Found a roughly hewn altar of Beogh.
 26615 | Orc:2    | Found Cidd's General Store.
 26706 | Orc:2    | Noticed an orc warlord
 26957 | Orc:1    | Reached XP level 16. HP: 115/115 MP: 16/16
 27419 | Orc:2    | Found Ijizotock's Antique Armour Emporium.
 27548 | Orc:2    | Found a roughly hewn altar of Beogh.
 28391 | Swamp:1  | Entered Level 1 of the Swamp
 28396 | Swamp:1  | Found a frozen archway.
 28411 | IceCv    | Entered an ice cave
 29022 | IceCv    | Got a smoking bronze ring
 29109 | IceCv    | Noticed zhorgal's ghost (journeyman GrEE)
 29148 | IceCv    | Killed zhorgal's ghost
 29215 | IceCv    | Noticed an Ice Fiend
 29251 | IceCv    | Killed from afar by an Ice Fiend

Skill      XL: |  1  2  3  4  5  6  7  8  9 10 11 12 13 14 15 16 |
---------------+-------------------------------------------------+-----
Fighting       | 4 5 6 7 9 11 12 14 15 17 18 | 18.5
Maces & Flails | 3 4 5 6 8 9 11 13 14 15 16 17 | 17.3
Throwing       | 2 4 6 7 |  7.1
Armour         | 4 6 8 9 |  9.3
Shields        | 4 6 9 |  9.6

Action                   |  1- 3 |  4- 6 |  7- 9 | 10-12 | 13-15 | 16-18 || total
-------------------------+-------+-------+-------+-------+-------+-------++-------
Melee: Flail             |   144 |    19 |       |       |    26 |       ||   189
       Whip              |       |   206 |   289 |   914 |  2076 |   418 ||  3903
       Morningstar       |       |       |       |       |     5 |    57 ||    62
Invok: Heroism           |       |       |       |       |     4 |     1 ||     5
       Finesse           |       |       |       |       |     1 |       ||     1
 Abil: Fly               |       |       |       |       |       |     1 ||     1
  Use: Scroll            |       |       |       |    14 |    10 |     3 ||    27
 Stab: Distracted        |       |       |       |       |       |     1 ||     1
  Eat: Chunk             |     2 |     8 |    12 |    41 |    54 |     4 ||   121
       Fruit             |       |       |       |       |     2 |       ||     2
       Bread ration      |       |       |       |       |     1 |       ||     1
Armor: Scale mail        |    74 |    90 |    26 |       |       |       ||   190
       Plate armour      |       |       |    99 |   371 |       |       ||   470
       Crystal plate arm |       |       |       |    42 |   901 |   120 ||  1063
Dodge: Dodged            |    47 |    53 |    33 |    47 |    64 |    10 ||   254
Block: Shield            |    81 |    88 |    82 |    93 |       |       ||   344
       Large shield      |       |       |       |   348 |  1723 |   333 ||  2404
